 Dungeon Crawl Stone Soup version 0.28.0-53-g5a82cb258f (webtiles) character file.

Game seed: 15671366222026247986

35 Tirrikindir the Skirmisher (level 3, -7/36 HPs)
             Began as a Troll Fighter on Aug 8, 2022.
             Mangled by Sigmund
             ... wielding a +0 scythe
              (9 damage)
             ... on level 2 of the Dungeon.
             The game lasted 00:02:52 (1047 turns).

Tirrikindir the Skirmisher (Troll Fighter)          Turns: 1047, Time: 00:02:53

Health: -7/36      AC:  6    Str: 24    XL:     3   Next: 17%
Magic:  2/2        EV:  9    Int:  4    God:
Gold:   53         SH:  0    Dex: 11    Spells: 2/2 levels left

rFire   . . .      SeeInvis .     - Unarmed
rCold   . . .      Faith    .   b - +0 kite shield
rNeg    . . .      Spirit   .   a - +0 robe
rPois   .          Reflect  +   (helmet restricted)
rElec   .          Harm     .   (no cloak)
rCorr   .          Rampage  .   (gloves unavailable)
Will    .....      Rage     1%  (boots unavailable)
Stlth   +.........              d - amulet of reflection
HPRegen 0.92/turn               (no ring)
MPRegen 0.08/turn               (no ring)

@: confused, mighty
A: large, unfitting armour, claws 3, regeneration 1, shaggy fur 1, tough skin 1,
iridescent scales 1, berserk 1
a: no special abilities


You were on level 2 of the Dungeon.
You visited 1 branch of the dungeon, and saw 2 of its levels.

You collected 53 gold pieces.

Inventory:

Missiles
 f - 2 poisoned darts (quivered)
Armour
 a - a +0 robe (worn)
 b - a +0 kite shield (worn)
Jewellery
 d - an amulet of reflection (around neck)
 e - a ring of fire


   Skills:
 * Level 2.8 Fighting
 + Level 2.6 Dodging
 + Level 2.6 Shields
 * Level 2.6 Unarmed Combat


You had 2 spell levels left.
You didn't know any spells.
Your spell library contained the following spells:

 Spells                   Type           Power      Damage    Failure   Level
 Inner Flame              Hex/Fire       0%         N/A       99%         3
 Cause Fear               Hex            0%         N/A       100%        4
 Discord                  Hex            0%         N/A       100%        8


Dungeon Overview and Level Annotations

Branches:
Dungeon (2/15)

Altars:

Annotations:
D:2 Sigmund


Innate Abilities, Weirdness & Mutations

You are too large for most types of armour.
You have claws for hands.
Your natural rate of healing is unusually fast.
You are covered in fur. (AC +1)
You have tough skin. (AC +1)
You are partially covered in iridescent scales. (AC +2)
You tend to lose your temper in combat.


Message History

A hobgoblin comes into view.
The hobgoblin shouts!
Sigmund the Dreaded comes into view.
He is wielding a +0 scythe.
You feel very mighty all of a sudden. Sigmund casts a spell at you.
You are confused.
A frilled lizard comes into view.
The frilled lizard hisses angrily.
Sigmund hits you from afar with a +0 scythe!
The hobgoblin hits you but does no damage.
The hobgoblin hits you.
You bump into the rock wall.
Sigmund hits you from afar with a +0 scythe.
The hobgoblin hits you.
Sigmund casts a spell.
Sigmund flickers and vanishes!
Deactivating autopickup; reactivate with Ctrl-A.
The hobgoblin hits you but does no damage.
You bump into the rock wall.
You feel less confused. You block something's attack.
You block the hobgoblin's attack. The hobgoblin closely misses you.
You claw the hobgoblin!
You kill the hobgoblin!
A puff of flame appears from out of thin air!
The puff of flame hits you! You block something's attack.
You see here a hobgoblin corpse.
Something hits you but does no damage.
You barely miss something.
You hear some strange, mumbled words.
You are confused.
You bump into the rock wall.
Something hits you!
* * * LOW HITPOINT WARNING * * *
You aren't carrying any potions.
You're too confused to move!
You miss something. Something hits you!
* * * LOW HITPOINT WARNING * * *
You bump into the rock wall.
Something hits you!
You die...

#...# ##..##
#...# #..##
#..# #..#
#..#
##########..#
#l{@†.......#
#.#########?#
#.# #.# #l#
#.# ... #.#
... #.# #...
#.# ##.## #.#
..#


You could see a frilled lizard.

Vanquished Creatures
  A dart slug (D:1)
  A ball python (D:1)
  3 endoplasms (D:1)
  6 goblins
  4 hobgoblins
  4 jackals (D:1)
  2 kobolds (D:1)
  2 quokkas (D:1)
  2 bats (D:1)
  A frilled lizard (D:1)
26 creatures vanquished.

Vanquished Creatures (collateral kills)
  A rat (D:1)
1 creature vanquished.

Grand Total: 27 creatures vanquished

Notes
Turn   | Place    | Note
-------+----------+-------------------------------------------
     0 | D:1      | Tirrikindir the Troll Fighter began the quest for the Orb.
     0 | D:1      | Reached XP level 1. HP: 22/22 MP: 0/0
    95 | D:1      | Reached XP level 2. HP: 29/29 MP: 1/1
   133 | D:1      | Gained mutation: You tend to lose your temper in combat.
                  | [potion of mutation]
   133 | D:1      | Gained mutation: You are partially covered in iridescent
                  | scales. (AC +2) [potion of mutation]
   548 | D:1      | Reached XP level 3. HP: 36/36 MP: 2/2
  1027 | D:2      | Noticed Sigmund
  1046 | D:2      | HP: 1/36 [something (11)]
  1047 | D:2      | Mangled by Sigmund

Illustrated notes

Levels and vault maps discovered:
D:1:      mrwooster_arrival_arrow, layout_basic, nrook_mini_backslash
D:2:      minmay_recursive_quarters, layout_loops_ring, uniq_sigmund

Action                   || total
-------------------------++-------
Melee: Unarmed           ||    68
  Use: Scroll            ||     4
       Potion            ||     2
Armor: Robe              ||    19
Dodge: Dodged            ||    11
Block: Kite shield       ||    27
